 Dungeon Crawl Stone Soup version 0.30-a0-777-ga9a30cbeda (webtiles) character file.

Game seed: 7571165592285788416

55 avis the Shooter (level 3, -2/29 HPs)
             Began as a Demigod Hexslinger on Feb 14, 2023.
             Slain by Sigmund
             ... wielding a +0 scythe
              (11 damage)
             ... on level 2 of the Dungeon on Feb 15, 2023.
             The game lasted 00:06:19 (1260 turns).

avis the Shooter (Demigod Hexslinger)               Turns: 1260, Time: 00:06:20

Health: -2/29      AC:  3    Str: 11    XL:     3   Next: 45%
Magic:  6/6        EV: 12    Int: 15    God:
Gold:   31         SH:  0    Dex: 18    Spells: 3/4 levels left

rFire   . . .      SeeInvis .    b - +1 sling
rCold   . . .      Faith    .    (no shield)
rNeg    . . .      Spirit   .    c - +0 robe
rPois   .          Reflect  .    e - +0 helmet
rElec   .          Harm     .    (no cloak)
rCorr   .          Rampage  .    (no gloves)
Will    .....                    (no boots)
Stlth   ++                       (no amulet)
HPRegen 0.24/turn                (no ring)
MPRegen 0.10/turn                (no ring)

@: no status effects
A: high MP 1, forlorn, divine attributes
a: no special abilities


You were on level 2 of the Dungeon.
You visited 1 branch of the dungeon, and saw 2 of its levels.

You collected 31 gold pieces.

Inventory:

Hand Weapons
 b - a +1 sling (weapon)
Armour
 c - a +0 robe (worn)
 e - a +0 helmet (worn)
 h - a +0 tower shield
Jewellery
 i - a ring of protection from cold
Scrolls
 a - a scroll of poison
 d - a scroll of identify {unknown}
Potions
 f - a potion of ambrosia {unknown}
 g - a potion of haste


   Skills:
 - Level 2.0 Fighting
 * Level 3.2 Ranged Weapons
 - Level 1.7 Dodging
 - Level 1.0 Spellcasting
 - Level 2.6 Hexes


You had 3 spell levels left.
You knew the following spells:

 Your Spells              Type           Power      Damage    Failure   Level
a - Slow                  Hex            32%        N/A       9%          1

Your spell library contained the following spells:

 Spells                   Type           Power      Damage    Failure   Level
 Summon Small Mammal      Summ           0%         N/A       24%         1
 Inner Flame              Hex/Fire       4%         N/A       38%         3
 Portal Projectile        Hex/Tloc       8%         N/A       38%         3
 Summon Guardian Golem    Hex/Summ       4%         N/A       38%         3
 Call Canine Familiar     Summ           0%         N/A       58%         3
 Cause Fear               Hex            4%         N/A       63%         4
 Fireball                 Conj/Fire      0%         3d3       100%        5
 Iskenderun's Battlesphe  Conj           0%         2d6       100%        5
 Conjure Ball Lightning   Conj/Air       0%         3x3d6     100%        6
 Orb of Destruction       Conj           0%         9d5       100%        7


Dungeon Overview and Level Annotations

Branches:
Dungeon (2/15)

Annotations:
D:2 Sigmund


Innate Abilities, Weirdness & Mutations

You have an increased reservoir of magic. (+10% MP)
You shall have no god before yourself.
Your divine heritage dramatically boosts your attributes as you level up.


Message History

The jackal is almost dead.
Sigmund drinks a potion.
Sigmund seems to speed up.
Fire: b) +1 sling
Press: ? - help, Q - select action, (/) - cycle Shift-Dir - straight line, f/p - jackal
Aim: a jackal (almost dead, 55% to hit)
You shoot a sling bullet. The sling bullet misses the jackal.
The sling bullet hits the jackal.
You kill the jackal!
The jackal bites you.
Fire: b) +1 sling
Press: ? - help, Q - select action, (/) - cycle Shift-Dir - straight line, f/p - jackal
Aim: a jackal (almost dead, 55% to hit)
You shoot a sling bullet.
The sling bullet barely misses the jackal.
The sling bullet hits Sigmund.
Sigmund is lightly wounded.
Sigmund gestures wildly while chanting.
Sigmund flickers and vanishes!
Deactivating autopickup; reactivate with Ctrl-A.
The jackal completely misses you.
Fire: b) +1 sling
Press: ? - help, Q - select action, (/) - cycle Shift-Dir - straight line, f/p - jackal
Aim: a jackal (almost dead, 55% to hit)
You shoot a sling bullet.
The sling bullet completely misses the jackal.
The jackal closely misses you.
The jackal bites you but does no damage.
You see here a worm corpse.
The jackal barely misses you. The jackal bites you. Something hits you!
The jackal attacks as you move away! The jackal closely misses you.
The jackal bites you. Something barely misses you.
The jackal completely misses you. Something hits you!
The jackal barely misses you. The jackal bites you.
The jackal attacks as you move away! The jackal bites you.
There is a stone staircase leading up here.
Something hits you!
You die...

......
#############....
#.............#.#
###.........##....
##...........##...#
.............##...###.#
#..............÷.....#
# #.........##h@.#
.###......).....?.#
..†.........###.#.#
.####.###.#.# #.#.# #
#.###.#.###.#.#
............#.#
########.#####.#
#.#####.# #.......#


You could see a jackal.

Vanquished Creatures
  An adder (D:2)
  A worm (D:2)
  6 bats
  5 endoplasms
  A giant cockroach (D:1)
  4 goblins (D:1)
  4 hobgoblins (D:1)
  A jackal (D:2)
  3 kobolds
  4 quokkas (D:1)
  5 ball pythons (D:1)
  2 rats
37 creatures vanquished.

Notes
Turn   | Place    | Note
-------+----------+-------------------------------------------
     0 | D:1      | avis the Demigod Hexslinger began the quest for the Orb.
     0 | D:1      | Reached XP level 1. HP: 15/15 MP: 4/4
    23 | D:1      | Reached skill level 2 in Ranged Weapons
    85 | D:1      | Reached skill level 1 in Fighting
   173 | D:1      | Reached XP level 2. HP: 23/23 MP: 5/5
   496 | D:1      | Reached skill level 3 in Ranged Weapons
   684 | D:1      | Reached XP level 3. HP: 28/28 MP: 6/6
  1240 | D:2      | Noticed Sigmund
  1260 | D:2      | Slain by Sigmund

Illustrated notes

Levels and vault maps discovered:
D:1:      dpeg_arrival_boxorama, layout_basic, st_stairs_4, serial_bayou_lake_a
D:2:      layout_loops_ring, uniq_sigmund, uniq_crazy_yiuf_cottage

Skill      XL: |  1  2  3 |
---------------+----------+-----
Ranged Weapons | 2 3 |  3.2
Fighting       | 1 2 |  2.0
Dodging        | |  1.7
Spellcasting   | |  1.0
Hexes          | |  2.6

Action                     || total
---------------------------++-------
   Fire: Sling             ||   118
   Cast: Slow              ||     3
 Armour: Robe              ||    11
  Dodge: Dodged            ||    46

Table legend: (Time is in decaauts)
 A = Elapsed time spent in this place.
 B = Non-inter-level travel time spent in this place.
 C = Inter-level travel time spent in this place.
 D = Time resting spent in this place.
 E = Time spent auto-exploring this place.
 F = Levels seen in this place.
 G = Mean time per level.
                   A        B        C        D        E       F      G
               +--------+--------+--------+--------+--------+-----+--------+
         Total |   1317 |   1141 |    176 |    208 |    620 |   2 |  658.5 |
       Dungeon |   1317 |   1141 |    176 |    208 |    620 |   2 |  658.5 |
               +--------+--------+--------+--------+--------+-----+--------+

Top non-repeatable levels by time:
     D:1: 1135 daAuts
     D:2: 181 daAuts
